 Dungeon Crawl Stone Soup version 0.20.1-1-g8b1a95d (webtiles) character file.

49 Irenicus the Slasher (level 3, -2/26 HPs)
             Began as an Octopode Chaos Knight on Oct 13, 2017.
             Slain by a gnoll
             ... wielding a +0 spear
              (6 damage)
             ... on level 2 of the Dungeon.
             The game lasted 00:01:29 (846 turns).

Irenicus the Slasher (Octopode Chaos Knight)         Turns: 846, Time: 00:01:30

Health: -2/26      AC:  1    Str: 11    XL:     3   Next: 77%
Magic:  3/3        EV: 13    Int: 14    God:    Xom [..*...]
Gold:   68         SH:  0    Dex: 12    Spells: 2/2 levels left

rFire    . . .     SeeInvis .   f - +2 dagger (venom)
rCold    . . .     Gourm    .   (no shield)
rNeg     . . .     Faith    .   (helmet restricted)
rPois    .         Spirit   .   (no amulet)
rElec    .         Reflect  .   (no ring)
rCorr    .         Harm     .   (no ring)
MR       .....                  (no ring)
Stlth    ++........             (no ring)
Regen    0.1/turn               (no ring)
MPRegen  0.1/turn               (no ring)
                                (no ring)
                                (no ring)

@: no status effects
A: almost no armour, stealthy swim, amphibious, 8 rings, constrict 8, camouflage
1, gelatinous body 1
a: Renounce Religion


You were on level 2 of the Dungeon.
You worshipped Xom.
You were a toy of Xom.
You were not hungry.

You visited 1 branch of the dungeon, and saw 2 of its levels.

You collected 68 gold pieces.

Inventory:

Hand Weapons
 a - a +0 falchion of chaos
 f - a +2 dagger of venom (weapon)
Scrolls
 d - 2 scrolls of amnesia {unknown}
 j - a scroll of enchant weapon {unknown}
 k - a scroll of blinking {unknown}
Potions
 e - a potion of lignification {unknown}
 g - a potion of brilliance {unknown}
 i - a potion of berserk rage {unknown}
Comestibles
 b - a bread ration
 c - 3 meat rations
 h - a royal jelly


   Skills:
 - Level 3.0 Fighting
 + Level 2.2(3.3) Short Blades
 - Level 3.8(4.1) Long Blades
 - Level 2.3 Dodging


You had 2 spell levels left.
You didn't know any spells.

Dungeon Overview and Level Annotations

Branches:
Dungeon (2/15)

Altars:


Innate Abilities, Weirdness & Mutations

You cannot wear most types of armour.
You are very stealthy in the water. (Stealth+)
You are amphibious.
You can wear up to eight rings at the same time.
You can use your tentacles to constrict eight enemies at once.
Your skin changes colour to match your surroundings (Stealth+).
Your rubbery body absorbs attacks. (AC +1, EV +1)


Message History

You hit the gnoll.
The gnoll looks as sick as possible!
You grab the gnoll. You squeeze the gnoll.
The gnoll is severely wounded.
You constrict the gnoll, but do no damage.
You hit the gnoll.
The gnoll looks as sick as possible!
The gnoll is severely wounded.
You constrict the gnoll. The gnoll barely misses you.
The rat barely misses you.
You hit the gnoll.
You kill the gnoll!
Your base Short Blades skill increases to level 2!
The rat closely misses you. The rat barely misses you.
A quokka comes into view.
You hit the rat.
You kill the rat!
The gnoll hits you from afar with a spear.
* * * LOW HITPOINT WARNING * * *
The gnoll hits you with a spear.
You die...

###..##..##..#
#.....####...# #
#.....####...#.#
#####......##....#.
...........# ...r.
####.##...## #...#
#.##...####...# #
#.##..##..##..#.#
#.##..##..##†@#.#
#.##.##....##g#.#
#.##.##....##...#####
#.##.#......#........
#.#..#.).#.#######
#...##.#..?.......
###...)##.#.......
####............
######.......


You could see a gnoll and a quokka (sleeping).

Vanquished Creatures
  2 gnolls (D:2)
  2 dart slugs (D:1)
  A leopard gecko (D:2)
  4 bats
  A giant cockroach (D:1)
  2 hobgoblins (D:1)
  2 jackals (D:1)
  2 frilled lizards
  4 goblins (D:1)
  A kobold (D:2)
  5 rats
26 creatures vanquished.

Notes
Turn   | Place    | Note
-------+----------+-------------------------------------------
     0 | D:1      | Irenicus the Octopode Chaos Knight began the quest for the Orb.
     0 | D:1      | Reached XP level 1. HP: 16/16 MP: 1/1
    64 | D:1      | XOM: silly message
   223 | D:1      | Reached XP level 2. HP: 18/21 MP: 2/2
   269 | D:1      | XOM: harmless Summ miscast
   543 | D:1      | Reached skill level 1 in Short Blades
   597 | D:1      | Reached XP level 3. HP: 22/26 MP: 3/3
   846 | D:2      | Slain by a gnoll

Skill      XL: |  1  2  3 |
---------------+----------+-----
Short Blades   | 1 2 |  2.2
Fighting       | |  3.0
Long Blades    | |  3.8
Dodging        | |  2.3

Action                   || total
-------------------------++-------
Melee: Falchion          ||    13
       Constrict         ||    13
       Tentacles         ||     9
       Dagger            ||    30
Armor: Skin              ||     6
Dodge: Dodged            ||    30
       Rpst.: Falchion   ||     8
